 Dungeon Crawl Stone Soup version 0.21.0-37-g46506fa (webtiles) character file.

401 JeffiDaFish the Firebug (level 6, -1/46 HPs)
             Began as a Draconian Fire Elementalist on Jan 31, 2018.
             Slain by Menkaure (7 damage)
             ... on level 4 of the Dungeon.
             The game lasted 00:10:47 (4040 turns).

JeffiDaFish the Firebug (DrFE)                      Turns: 4040, Time: 00:10:48

Health: -1/46      AC:  9    Str: 10    XL:     6   Next: 54%
Magic:  0/11       EV: 13    Int: 15    God:
Gold:   126        SH:  0    Dex: 14    Spells: 2/12 levels left

rFire    . . .     SeeInvis .   c - +2 spear
rCold    . . .     Gourm    .   (no shield)
rNeg     . . .     Faith    .   (armour unavailable)
rPois    .         Spirit   .   (helmet restricted)
rElec    .         Reflect  .   (no cloak)
rCorr    .         Harm     .   (no gloves)
MR       .....                  d - +2 pair of boots
Stlth    ++........             (no amulet)
HPRegen  0.15/turn              (no ring)
MPRegen  0.12/turn              (no ring)

@: no status effects
A: unfitting armour, cold-blooded, AC +6
a: no special abilities


You were on level 4 of the Dungeon.
You were not hungry.

You visited 1 branch of the dungeon, and saw 4 of its levels.

You collected 126 gold pieces.

Inventory:

Hand Weapons
 c - a +2 spear (weapon)
Armour
 d - a +2 pair of boots (worn)
 f - a +0 buckler
Scrolls
 g - 5 scrolls of identify
 h - a scroll of fear
 i - a scroll of amnesia
Books
 a - a book of Flames

   Spells                             Type                      Level
   a - Flame Tongue                   Conjuration/Fire             1
   b - Throw Flame                    Conjuration/Fire             2
   c - Conjure Flame                  Conjuration/Fire             3
   d - Inner Flame                    Hexes/Fire                   3
   e - Sticky Flame                   Conjuration/Fire             4
   f - Fireball                       Conjuration/Fire             5
Comestibles
 b - 5 rations
 j - 2 chunks of flesh


   Skills:
 - Level 0.6 Fighting
 - Level 1.6 Polearms
 * Level 3.4 Dodging
 - Level 2.0 Stealth
 * Level 3.8 Spellcasting
 + Level 2.3 Conjurations
 + Level 4.3 Fire Magic


You had 2 spell levels left.
You knew the following spells:

 Your Spells              Type           Power        Failure   Level  Hunger
a - Flame Tongue          Conj/Fire      ##...        4%          1    None
b - Throw Flame           Conj/Fire      ##....       7%          2    ##.....
c - Sticky Flame          Conj/Fire      ##......     43%         4    ####...
d - Conjure Flame         Conj/Fire      ##......     14%         3    ###....


Dungeon Overview and Level Annotations

Branches:
Dungeon (4/15)
 Temple: D:4-7

Altars:
Hepliaklqana
Makhleb
Vehumet
Zin

Annotations:
D:4 Menkaure


Innate Abilities, Weirdness & Mutations

Your plain brown scales are hard. (AC +6)
You cannot fit into any form of body armour.
You are cold-blooded and may be slowed by cold attacks.


Message History

You hit Menkaure.
Menkaure is almost destroyed.
Menkaure gestures at you while chanting.
Pain shoots through your body!
* * * LOW HITPOINT WARNING * * *
The crimson imp hits you but does no damage.
Menkaure calls on the powers of darkness!
Your body is wracked with pain!
* * * LOW HITPOINT WARNING * * *
The jackal convulses!
You barely miss Menkaure.
Menkaure is almost destroyed.
Menkaure hits you.
* * * LOW HITPOINT WARNING * * *
The crimson imp hits you but does no damage.
Some of the chunks of flesh in your inventory have rotted away.
You hit Menkaure.
Menkaure is almost destroyed.
Menkaure hits you!
You die...

# #.# ###########
#.#.### #......$..#
#....). #.........#
#...### #.........#
#...... #.........#
#...... #.........#
##.#### #.........#
#...(. ##
#..@5...... ######
.. #..M...(...
..##.####.........#
#..............#...
..###.#.h......#..#
#.#...........#
#### #
h#.%.......... ....
#. .#........####
.... .# .#........#
.# #....


You could see Menkaure, a crimson imp and a jackal.

Vanquished Creatures
  An ogre (D:4)
  An orc priest (D:3)
  Natasha (D:4)
  An orc wizard (D:3)
  2 worker ants
  3 gnolls (D:3)
  7 adders
  4 worms
  2 dart slugs
  A leopard gecko (D:2)
  8 orcs
  4 giant cockroaches
  6 goblins
  4 hobgoblins
  13 jackals
  9 kobolds
  4 quokkas
  3 ball pythons
  8 bats
  A frilled lizard (D:2)
  3 rats (D:3)
86 creatures vanquished.

Notes
Turn   | Place    | Note
-------+----------+-------------------------------------------
     0 | D:1      | JeffiDaFish the Draconian Fire Elementalist began the quest for the Orb.
     0 | D:1      | Reached XP level 1. HP: 14/14 MP: 3/3
   646 | D:1      | Reached XP level 2. HP: 20/20 MP: 3/5
   688 | D:1      | Learned a level 2 spell: Throw Flame
  1099 | D:2      | Reached XP level 3. HP: 24/26 MP: 6/6
  1215 | D:2      | Reached skill level 1 in Polearms
  1582 | D:2      | Reached XP level 4. HP: 27/34 MP: 7/7
  1761 | D:2      | Learned a level 4 spell: Sticky Flame
  2198 | D:3      | Reached skill level 4 in Fire Magic
  2198 | D:3      | Reached XP level 5. HP: 38/39 MP: 2/9
  2306 | D:3      | Found a hazy altar of Hepliaklqana.
  2900 | D:3      | HP: 1/39 [poisoned by a worker ant]
  3261 | D:3      | Found a burning altar of Makhleb.
  3261 | D:3      | Found a glowing silver altar of Zin.
  3343 | D:3      | Found a radiant altar of Vehumet.
  3447 | D:4      | Noticed an ogre
  3455 | D:4      | Killed an ogre
  3455 | D:4      | Reached XP level 6. HP: 46/46 MP: 1/11
  3863 | D:4      | Learned a level 3 spell: Conjure Flame
  3873 | D:4      | Noticed Natasha
  3885 | D:4      | Killed Natasha
  4027 | D:4      | Noticed Menkaure
  4040 | D:4      | Slain by Menkaure

Skill      XL: |  1  2  3  4  5 |
---------------+----------------+-----
Polearms       | 1 |  1.6
Dodging        | 2 3 |  3.4
Stealth        | 2 |  2.0
Fire Magic     | 4 |  4.3
Spellcasting   | 3 |  3.8
Conjurations   | 2 |  2.3
Fighting       | |  0.6

Action                   |  1- 3 |  4- 6 || total
-------------------------+-------+-------++-------
Melee: Spear             |    94 |   160 ||   254
       Tailslap          |     7 |     9 ||    16
 Cast: Flame Tongue      |    15 |    41 ||    56
       Throw Flame       |     1 |    11 ||    12
       Sticky Flame      |       |     2 ||     2
       Conjure Flame     |       |     2 ||     2
  Use: Scroll            |     9 |     4 ||    13
       Potion            |     3 |     4 ||     7
 Stab: Sleeping          |     4 |     6 ||    10
  Eat: Chunk             |     2 |    10 ||    12
Armor: Skin              |    34 |    38 ||    72
Dodge: Dodged            |    47 |    92 ||   139
